 Dungeon Crawl Stone Soup version 0.17-a0-1655-g88a8506 (webtiles) character file.

189 abixa the Ruffian (level 5, -4/33 HPs)
             Began as a Gargoyle Fighter on Aug 15, 2015.
             Killed by divine providence
             ... invoked by an orc priest
              (13 damage)
             ... on level 4 of the Dungeon.
             The game lasted 00:09:50 (2279 turns).

abixa the Ruffian (Gargoyle Fighter)                Turns: 2279, Time: 00:09:50

Health: -4/33      AC: 15    Str: 19    XL:     5   Next: 68%
Magic:  14/14      EV:  3    Int: 10    God:
Gold:   88         SH:  9    Dex:  9    Spells: 0 memorised, 4 levels left

rFire  . . .     SeeInvis .       - Unarmed
rCold  . . .     Clarity  .     z - +0 plate armour
rNeg   + . .     SustAt   .     b - +0 shield
rPois  ∞         Gourm    .     (no helmet)
rElec  +         Spirit   .     (no cloak)
rCorr  .         Warding  .     (no gloves)
rMut   .         Stasis   .     (no boots)
MR     .....                    (no amulet)
Stlth  ..........               (no ring)
                                q - ring of magical power

@: not resistant to hostile enchantments, extremely unstealthy
A: negative energy resistance 1, electricity resistance, unbreathing,
petrification resistance, rot immunity, AC +4
a: no special abilities


You were on level 4 of the Dungeon.
You were not hungry.

You visited 1 branch of the dungeon, and saw 4 of its levels.

You collected 88 gold pieces.

Inventory:

Hand weapons
 A - a +0 blowgun
Missiles
 i - 36 poisoned needles
 k - 71 stones (quivered)
 l - 5 javelins
Armour
 a - a +0 scale mail
 b - a +0 shield (worn)
 z - a +0 plate armour (worn)
Jewellery
 j - an uncursed amulet of stasis
 n - an uncursed ring of fire
 q - a ring of magical power (left hand)
 s - a cursed -3 ring of protection {unknown}
 y - a cursed ring of loudness {unknown}
Scrolls
 f - a scroll of noise {unknown}
 g - a scroll of enchant weapon {unknown}
 h - 2 scrolls of identify {unknown}
 m - 2 scrolls of blinking {unknown}
 p - 2 scrolls of recharging {unknown}
 r - a scroll of enchant armour {unknown}
 w - a scroll of fear {unknown}
Potions
 c - a potion of might
 e - 2 potions of invisibility {unknown}
 o - 2 potions of curing {unknown}
 t - 2 potions of mutation {unknown}
 v - a potion of lignification {unknown}
Comestibles
 d - 3 bread rations
 u - a meat ration
 x - 4 fruits
 B - a chunk of flesh


   Skills:
 + Level 4.2 Fighting
 + Level 3.3 Armour
 - Level 3.2 Shields
 * Level 5.1 Unarmed Combat


You had 4 spell levels left.
You didn't know any spells.

Dungeon Overview and Level Annotations

Branches:
Dungeon (4/15)
 Temple: D:4-7

Altars:

Annotations:
D:4 asdu's ghost, weakling DESu


Innate Abilities, Weirdness & Mutations

You are resistant to torment.
Your stone body is resilient (AC +4).
You are immune to poison.
You resist negative energy.
You are resistant to electric shocks.
You can survive without breathing.
You are immune to petrification.
You are immune to rotting.


Message History

The river rat's corpse disappears in a puff of smoke!
The orc priest casts a cantrip, but nothing happens.
Your shield and plate armour prevent you from hitting asdu's ghost.
Asdu's ghost is lightly damaged.
Asdu's ghost whispers, "The ORB doesn't exist."
Asdu's ghost barely misses you.
You hit asdu's ghost.
Asdu's ghost is moderately damaged.
Asdu's ghost hits you but does no damage.
Your shield and plate armour prevent you from hitting asdu's ghost.
Asdu's ghost is moderately damaged.
Asdu's ghost gestures wildly while chanting.
You miss asdu's ghost.
Asdu's ghost is moderately damaged.
Asdu's ghost hits you but does no damage.
You barely miss asdu's ghost.
Asdu's ghost is moderately damaged.
The orc priest invokes the aid of Beogh against you.
Something smites you!
You die...

#..?..####..## ⌠...W
#.....###....#≈....§≈
#.....#..#..##≈..>$.≈#
#
##....5.......#≈.....≈#
.
#.........#.#.#≈⌠.§.⌠≈#
.###....5...#.#..#
..##..W.......####
....5.###....## ###
#..r### ##.######@#
#..## ###.o.##W### .(##
#...#.oo..# .o###
###.o#..o####
....#####.#..##..#
....W.....r#.#.###
....5.....#####
..........# ..........#


You could see 3 orc priests and asdu's ghost.

Vanquished Creatures
  An iguana (D:3)
  2 orc wizards (D:3)
  3 adders
  A shadow imp (D:3)
  A worm (D:3)
  2 giant geckos
  6 orcs
  10 bats
  9 giant cockroaches
  3 goblins
  5 hobgoblins
  2 jackals (D:1)
  7 kobolds
  3 quokkas (D:3)
  4 giant newts
  7 rats
66 creatures vanquished.

Notes
Turn   | Place    | Note
--------------------------------------------------------------
     0 | D:1      | abixa the Gargoyle Fighter began the quest for the Orb.
     0 | D:1      | Reached XP level 1. HP: 14/14 MP: 1/1
   165 | D:1      | Reached XP level 2. HP: 19/19 MP: 2/2
   554 | D:2      | Reached XP level 3. HP: 14/23 MP: 3/3
   989 | D:2      | Reached skill level 4 in Unarmed Combat
  1185 | D:2      | Reached XP level 4. HP: 28/28 MP: 4/4
  1481 | D:3      | Reached XP level 5. HP: 22/33 MP: 5/5
  1796 | D:3      | Reached skill level 5 in Unarmed Combat
  2188 | D:4      | Noticed asdu's ghost (weakling DESu)
  2279 | D:4      | Killed from afar by an orc priest

Vault maps used:
D:1:      matt_arrival_spirals, columned_hall_lemuel
D:2:      serial_glass, glass_columns_c, glass_columns_a, glass_columns_a,
          glass_columns_b, glass_columns_a, glass_columns_c, glass_columns_a,
          glass_columns_a, glass_columns_a, glass_columns_b,
          corexii_leaking_fountain, grunt_ministairs_2
D:4:      first_bread, nicolae_ossuary_entry_plus, kennysheep_small_square,
          uniq_blork_the_orc

Action                   |  1- 3 |  4- 6 || total
-------------------------+-------+-------++-------
Melee: Unarmed           |   192 |   207 ||   399
  Eat: Chunk             |     1 |     4 ||     5
